[Event "CZE-ch U16 Open 2023"]
[Site "Teplice"]
[Date "2023.03.14"]
[Round "5.12"]
[White "Slaby, Matej"]
[Black "Mrazek, Adam"]
[Result "1-0"]
[ECO "A48"]
[WhiteElo "1932"]
[BlackElo "1745"]
[Annotator "TA"]
[PlyCount "81"]
[EventDate "2023.03.09"]
[EventType "swiss"]
[EventCountry "CZE"]
[SourceTitle "playchess.com"]
[Source "ChessBase"]
[SourceQuality "1"]
[TimeControl "40/5400+30:1800+30"]

1. Nf3 Nf6 2. d4 g6 3. Bf4 Bg7 4. h3 O-O 5. e3 d6 6. Bh2 {A48: 1 d4 Nf6 2 Nf3 g6: Torre, London and Colle Systems.} b6 7. Bd3 Bb7 8. Nbd2 {The position is equal.} Nbd7 9. O-O Re8 10. e4 e5 11. dxe5 dxe5 12. b4 {[#]} Qe7 $146 ({Predecessor:} 12... Nh5 13. Re1 Qe7 14. c3 a5 15. a3 Nf4 16. Bf1 Red8 17. Qc2 h5 18. Nc4 Qf6 {0-1 Golubov,S (2482)-Mamedyarov,S (2817) Wch Blitz St Petersburg 2018 (2)}) 13. Rb1 c5 14. a3 c4 {[%mdl 64] Deflection} 15. Bxc4 Nxe4 16. Nxe4 Bxe4 17. Re1 (17. Qe2 $5 Bb7 18. Rfd1 $11) 17... Bb7 18. Bd5 Bxd5 19. Qxd5 Rac8 20. Qa2 (20. Rbd1 $14 Rc7 21. Bg3) 20... Kh8 21. Re2 f6 22. c4 Nf8 23. Rd1 Bh6 24. Rde1 Qf7 $1 25. Re4 b5 (25... Red8 $15) 26. g4 (26. Rh4 $2 Bg7 27. Qc2 bxc4 $19) (26. Bxe5 $5 fxe5 27. Nxe5 $11) 26... bxc4 {Strongly threatening ...Ne6.} 27. g5 $1 Bg7 (27... Bxg5 $11 28. Nxg5 fxg5) 28. gxf6 $16 Bxf6 29. Bxe5 (29. Nxe5 $14 Bxe5 30. Bxe5+ Kg8 31. Qc2) 29... Bxe5 $2 (29... Nd7 $1 $11) 30. Nxe5 Qf5 31. Qe2 ({White should try} 31. Rxc4 h5 32. Rxc8 Rxc8 33. Qf7) 31... Kg7 {...c3 would be deadly.} 32. Nxc4 {[%mdl 64] Discovered Attack} (32. Rxc4 $2 {perishes.} Qxe5 33. Qxe5+ Rxe5 34. Rxe5 Rxc4 $19) 32... Rxe4 33. Qxe4 Qxh3 $2 (33... Qxe4 $16 34. Rxe4 Kf6) 34. Re3 $2 (34. Nd6 $18) 34... Qd7 $14 35. Rd3 Qe6 {Black is weak on the dark squares} 36. Qd4+ Kg8 37. Ne5 Rc1+ {[#]} 38. Kg2 $1 Re1 $2 {[%mdl 8192] [#]} (38... Qe7 $16) 39. Ng4 $1 $18 {[%cal Rg4h6] Active counter play! White is clearly winning.} Qe4+ (39... g5 $142 40. Rf3 Nd7 41. Qxd7 {[%mdl 64] Remove Defender, Decoy} Qxd7 42. Nf6+ Kg7 43. Nxd7 Re7) 40. Qxe4 Rxe4 41. Nf6+ {Weighted Error Value: White=0.29 (precise) /Black=0.42} 1-0

[Event "CZE-ch U16 Open 2023"]
[Site "Teplice"]
[Date "2023.03.15"]
[Round "6.1"]
[White "Paseka, Matyas"]
[Black "Lang, Simon"]
[Result "0-1"]
[ECO "C04"]
[WhiteElo "2082"]
[BlackElo "1974"]
[Annotator "TA"]
[PlyCount "150"]
[EventDate "2023.03.09"]
[EventType "swiss"]
[EventCountry "CZE"]
[SourceTitle "playchess.com"]
[Source "ChessBase"]
[SourceQuality "1"]
[TimeControl "40/5400+30:1800+30"]

1. e4 e6 2. d4 d5 3. Nd2 Nc6 4. Ngf3 Nf6 5. e5 Nd7 6. Be2 f6 7. exf6 Qxf6 8. Nf1 Bd6 9. Ne3 b6 {[%emt 0:01:28] C04: French Tarrasch: 3...Nc6.} 10. Ng4 Qf5 11. h3 Bb7 {[%emt 0:04:40] White is slightly better.} 12. Bd3 Qh5 13. O-O O-O-O 14. Be2 Qf5 15. Re1 {[%emt 0:02:30] [#]} Rde8 $146 ({Predecessor:} 15... h5 16. Bd3 Qf8 17. Nge5 Ncxe5 18. dxe5 Be7 19. a4 a6 20. Bg6 Qg8 21. Bg5 Bxg5 22. Nxg5 Rf8 23. Ra3 Rh6 24. Bxh5 {1-0 Rogic,D (2494)-Soln,P (2382) Bled op 21st 2000 (5)}) 16. Bd2 (16. c3 $14) 16... Rhf8 {[%emt 0:03:16] Black is much more active.} ({Black should play} 16... h5 $1 $15 17. Bd3 Qf8) 17. Bd3 $1 $14 Qh5 18. Bc3 ({White should try} 18. c3 $14) 18... Rf4 19. Bb5 Qf7 20. Qd2 {[%emt 0:17:27] [#]} (20. Ng5 $11 {remains equal.} Qg6 21. Nf3) 20... Rf5 (20... Rxf3 $1 $17 21. gxf3 h5) 21. Nge5 Ncxe5 (21... Bxe5 {simplifies} 22. Bxc6 Bxc6 23. Nxe5 Nxe5 24. Rxe5 Rxe5 25. dxe5 a5) 22. dxe5 Bc5 (22... Be7 $11) 23. b4 $1 Be7 24. Nd4 Rh5 25. Qe2 ({White must play} 25. f4 $16) 25... Rh4 26. Ba6 $2 {[%emt 0:02:26] [#] Loses the game.} (26. Rab1 $11 {and White is okay.}) 26... Bxb4 $1 $19 {[%emt 0:01:32][%mdl 576] Deflection} 27. Bxb7+ (27. Bxb4 Rxd4) 27... Kxb7 28. Bxb4 (28. Qb5 $142) 28... Rxd4 29. Bc3 Rc4 30. Qd2 Rf8 31. f3 Qf4 32. Qxf4 Rfxf4 33. Bd2 Rf5 34. c3 Nc5 (34... Rxe5 $2 {loses.} 35. Rxe5 Nxe5 36. Re1 $19) (34... Nxe5 $2 35. Re3 $19) 35. Re3 Ka6 36. Rb1 Ra4 37. Rb2 b5 38. g3 Nb7 39. g4 Rf7 40. Bc1 Na5 41. Rf2 Nc4 42. Re1 (42. Ree2 $142) 42... Kb6 43. f4 Kc6 44. f5 Kd7 45. fxe6+ $2 (45. Kg2) 45... Kxe6 {[%emt 0:00:06] Threatens to win with ...Rxf2.} 46. Rxf7 Kxf7 {[%emt 0:00:03][%mdl 4096] Endgame KRB-KRN} 47. e6+ Ke8 48. Rf1 (48. Re2 {was called for.}) 48... Rxa2 {[%emt 0:01:15] Strongly threatening ...Ra1.} 49. Bg5 {[%emt 0:00:57] And now e7 would win.} Nd6 50. Bf4 Ke7 51. Bxd6+ Kxd6 {[%emt 0:00:14] KR-KR} 52. Rf7 Re2 53. Rd7+ Kc6 54. Rxg7 d4 {[%emt 0:00:00][%mdl 64] Deflection} 55. cxd4 b4 {[%emt 0:00:00][%cal Bb5b4,Bb4b3,Bb3b2][%mdl 32] ...b3 would be deadly.} 56. Kf1 Rxe6 {[%emt 0:00:00] aiming for ...b3.} 57. d5+ Kxd5 58. Rxc7 Rb6 (58... b3 $142 59. Rxa7 Rb6 60. Rd7+ Kc4) 59. Rxa7 b3 60. Ra1 b2 61. Rb1 Rb3 $2 (61... Kd4 {mates} 62. Ke2 Kc3 63. Ke3 Rb4 64. Rf1 b1=Q 65. Rxb1 Rxb1 66. Kf4 Rh1 67. Kg3 Kd4 68. Kg2 Rb1 69. Kf2 Rb2+ 70. Kg3 Ke3 71. g5 Rb4 72. h4 Rf4 73. h5 Rf1 74. Kg4 Ke4 75. Kg3 Rg1+ {[%mdl 64] Skewer} 76. Kf2 Rxg5 77. h6 Rg4 78. Ke2 Rg2+ 79. Ke1 Rh2 80. Kf1 Ke3 81. Kg1 Rf2 82. Kh1 Kf3 83. Kg1 Kg3 84. Kh1 Rf1#) 62. Kg2 $2 (62. Ke1 $19 Kc4 63. Kd2) 62... Ke4 {[%emt 0:00:00] Black mates.} 63. Re1+ Kf4 64. Rb1 Kg5 65. Kh2 Kh4 66. Kg2 h6 ({Weaker is} 66... Rxh3 67. Rxb2 Rg3+ 68. Kf1 $11) 67. Kg1 Kxh3 ({Inferior is} 67... Rxh3 68. Rxb2 Rg3+ 69. Kh1 $11) 68. g5 hxg5 69. Kf2 Kg4 70. Ke2 Kf4 71. Kd2 g4 72. Kc2 Rb8 73. Rf1+ Kg3 74. Kb1 Kg2 75. Rf7 g3 {[%emt 0:00:00] Weighted Error Value: White=0.64/Black=0.27 (precise)} 0-1

[Event "CZE-ch U16 Open 2023"]
[Site "Teplice"]
[Date "2023.03.15"]
[Round "6.2"]
[White "Fizer, Marek"]
[Black "Janous, Marek"]
[Result "1-0"]
[ECO "B69"]
[WhiteElo "1929"]
[BlackElo "2124"]
[Annotator "TA"]
[PlyCount "129"]
[EventDate "2023.03.09"]
[EventType "swiss"]
[EventCountry "CZE"]
[SourceTitle "playchess.com"]
[Source "ChessBase"]
[SourceQuality "1"]
[TimeControl "40/5400+30:1800+30"]

1. e4 c5 2. Nf3 d6 3. d4 cxd4 4. Nxd4 Nf6 5. Nc3 Nc6 6. Bg5 e6 7. Qd2 a6 8. O-O-O Bd7 9. f4 Be7 10. Nf3 b5 11. Bxf6 gxf6 12. Kb1 b4 {[%emt 0:15:44] B69: Sicilian: Richter-Rauzer: 7...a6 8 0-0-0 Bd7 9 f4 Be7 10 Nf3 b5 11 Bxf6.} 13. Ne2 h5 14. Ned4 Qb6 {[%emt 0:01:56] White is slightly better.} 15. Bc4 Na5 16. Bd3 Nb7 17. Rhe1 Nc5 18. Bc4 {[%emt 0:10:12] [#]} O-O-O $146 ({Predecessor:} 18... Rc8 19. Nb3 Nb7 20. Qe2 a5 21. Nbd4 a4 22. Bb5 Bxb5 23. Nxb5 Qc5 24. f5 e5 {1-0 Perunovic,M (2591)-Niemann,H (2459) New York Marshall Spring GM 2020 (3)}) 19. Rc1 Kb8 20. c3 (20. f5 $14) 20... b3 21. Nxb3 Bc6 22. Nxc5 dxc5 23. Qc2 Ka7 24. f5 Bb5 (24... exf5 $16 {keeps fighting.} 25. exf5 (25. Bxf7 Bxe4 26. Rxe4 fxe4 $11) 25... Bd6 26. Bxf7 Qb7) 25. Bxb5 $18 axb5 26. e5 Rd7 (26... h4 {was called for.} 27. fxe6 fxe6 28. exf6 Bxf6) 27. fxe6 Qxe6 28. exf6 Qxf6 29. Qb3 $2 {[%emt 0:01:24] [#]} (29. c4 $18) 29... Rb7 (29... Qf5+ $16 {was worth a try.} 30. Qc2 Qxc2+ 31. Rxc2 Bf6) 30. Rcd1 Qg6+ 31. Qc2 Qxc2+ 32. Kxc2 Rg8 33. Re2 Bf6 34. Rd5 Rc8 35. Rxh5 b4 36. Rf5 bxc3 37. bxc3 ({Not} 37. Rxf6 Rxb2+ 38. Kxc3 Rxe2 $17) 37... Rc6 38. g4 Ra6 39. Kd3 (39. Rxc5 Bxc3 40. Kxc3 Ra3+ 41. Kd4 Rxf3 $18) 39... c4+ 40. Kxc4 Rc7+ 41. Kd3 {[%emt 0:04:45] Threatens to win with Nd4.} ({Don't play} 41. Rc5 Ra4+ 42. Kd5 Rxc5+ 43. Kxc5 Rxg4 $18) 41... Rxc3+ 42. Kd2 Rxa2+ $2 (42... Rc7 43. Ke1 Bc3+ 44. Kf2 f6) 43. Ke1 Rxe2+ (43... Ra6 $142 44. g5 Bh8 45. Rxf7+ Kb6) 44. Kxe2 {[%emt 0:00:08][%mdl 4096] Endgame KRB-KRN} Rc6 45. g5 Bxg5 46. Rxf7+ $2 ({Less strong is} 46. Nxg5 Rc2+ 47. Kd3 Rxh2 $14) (46. Rxg5 $18 {and White stays clearly on top.} Kb6 47. Rf5) 46... Ka6 47. Kd3 Bd8 48. Ke4 Kb6 49. Rd7 Bc7 50. h4 Rf6 51. h5 Kc6 52. Rg7 {[%emt 0:00:53] Rg6 is the strong threat.} Rf4+ 53. Ke3 {[%emt 0:00:30][%cal Og7c7] Threatening mate with Rxc7+! White is more active.} Rf8 ({Better is} 53... Rb4 $14) 54. Nd4+ {[%emt 0:00:28][%mdl 64] [#] Deflection} Kd5 $2 (54... Kb6 55. Rg6+ Ka5) 55. Rxc7 {[%emt 0:01:38] White wants to mate with h6. KRN-KR} Re8+ 56. Kf4 {[%emt 0:01:02] White mates.} Re4+ 57. Kf5 Re5+ 58. Kg6 Kxd4 {[%emt 0:00:36] KR-KR} 59. h6 Re6+ 60. Kg7 Ke5 61. h7 Kd6 62. Ra7 Re1 63. Ra6+ Ke7 64. h8=Q Rg1+ 65. Rg6 {[%emt 0:00:07] Weighted Error Value: White=0.24 (precise) /Black=0.34} 1-0

[Event "CZE-ch U16 Open 2023"]
[Site "Teplice"]
[Date "2023.03.15"]
[Round "6.3"]
[White "Werner, Hong Quan Dan"]
[Black "Prazak, Daniel"]
[Result "0-1"]
[ECO "C67"]
[WhiteElo "2085"]
[BlackElo "2064"]
[Annotator "TA"]
[PlyCount "56"]
[EventDate "2023.03.09"]
[EventType "swiss"]
[EventCountry "CZE"]
[SourceTitle "playchess.com"]
[Source "ChessBase"]
[SourceQuality "1"]
[TimeControl "40/5400+30:1800+30"]

1. e4 e5 2. Nf3 Nc6 3. Bb5 Nf6 4. O-O Nxe4 5. Re1 Nd6 6. Nxe5 Be7 7. Ba4 Nxe5 8. Rxe5 O-O {[%emt 0:00:11] C67: Ruy Lopez: Berlin Defence: 4 0-0 Nxe4.} 9. c3 Ne8 10. d4 {[%emt 0:03:00] [#]} d5 $146 {[%emt 0:05:58] The position is equal.} ({Predecessor:} 10... Bf6 11. Re1 d5 12. Bc2 Be6 13. Bh6 Qe7 14. Na3 Bh4 15. Bf4 g6 16. Qd2 c6 {½-½ Sjoberg,V-Lundberg,F Nordiska SFB Kongress-01 Klass 02 1901 (2)}) 11. Nd2 Bd6 12. Re1 Nf6 13. h3 Bf5 14. Nf3 Ne4 15. Bc2 Qf6 16. Be3 Rfe8 17. Nd2 c6 18. Nf1 Qg6 19. Qf3 Bd7 20. Bf4 Ng5 {[%emt 0:02:14][%mdl 64] [#] Discovered Attack} 21. Bxg5 Qxc2 22. Reb1 {[%emt 0:11:46] White is weak on the light squares} ({Better is} 22. Bf4 $15 Bf8 23. Red1) 22... Qg6 {[%emt 0:02:35] Black has more active pieces. The white rooks are badly placed.} 23. Bh4 {[%emt 0:01:50] [#] Loses the game.} (23. Bd2 $17) 23... f5 $1 $19 {[%emt 0:07:57][%cal Bf7f5,Bf5f4][%mdl 32] aiming for ...f4.} 24. Qd3 $2 (24. Bg3 f4 25. Bh2) 24... Qh5 25. Bg3 f4 {[%emt 0:00:09] Hoping for ...Bf5.} 26. Bh2 (26. Re1 $142 fxg3 27. Nxg3) 26... Bf5 {[%emt 0:00:33] Black is clearly winning.} 27. Qd1 Qg6 28. f3 Bc2 {[%emt 0:01:00][%mdl 64] Deflection.   Weighted Error Value: White=0.65/Black=0.13 (very precise)} 0-1

[Event "CZE-ch U16 Open 2023"]
[Site "Teplice"]
[Date "2023.03.15"]
[Round "6.4"]
[White "Seidl, Jan"]
[Black "Kubin, Tomas Daniel"]
[Result "1-0"]
[ECO "D75"]
[WhiteElo "2025"]
[BlackElo "1936"]
[Annotator "TA"]
[PlyCount "79"]
[EventDate "2023.03.09"]
[EventType "swiss"]
[EventCountry "CZE"]
[SourceTitle "playchess.com"]
[Source "ChessBase"]
[SourceQuality "1"]
[TimeControl "40/5400+30:1800+30"]

1. c4 Nf6 2. Nf3 g6 3. g3 Bg7 4. Bg2 d5 5. cxd5 Nxd5 6. d4 O-O 7. O-O c5 8. Nc3 cxd4 9. Nxd4 Nxc3 10. bxc3 Qc7 11. Qb3 {[%emt 0:03:42] D75: Fianchetto Grünfeld: Main Line with 7...c5.} Nc6 12. Nxc6 bxc6 13. Bf4 {[%emt 0:01:11] The position is equal.} e5 14. Be3 Be6 15. c4 Rab8 16. Qa4 c5 17. Rab1 {[%emt 0:03:03] [#] Wards off Rb4} Bf5 $146 ({Predecessor:} 17... Rfd8 18. h4 h5 19. Rxb8 Rxb8 20. Bd5 Bd7 21. Qa3 Bf8 22. Rd1 Bf5 23. Bd2 Rb1 24. Rxb1 Bxb1 25. e4 Bc2 26. Bc3 Bd6 27. Qc1 Ba4 28. Qh6 {1-0 Goluch,P (2333)-Majocha,P (1919) Lazy Baltic Pearl op-A 17th 2021 (9)}) 18. Rxb8 Rxb8 19. Bd5 Bd7 20. Qa3 Bf8 21. Bd2 Qb6 22. Bc3 Bd6 ({Better is} 22... Qc7 $14) 23. e4 (23. Ba5 $16 Qa6 24. Qf3) 23... Bc6 24. Rc1 Bxd5 25. cxd5 f5 (25... Qb5 $14) 26. Qa4 Rf8 27. Qd7 (27. exf5 $16 gxf5 28. Qd7) 27... Bc7 (27... fxe4 $11 28. Qe6+ Rf7) 28. Bd2 {[%emt 0:02:30] [#] And now Bh6 would win.} Qd6 29. Qa4 {[%emt 0:07:57] White is much more active.} Bb6 30. Qc4 fxe4 31. Be3 Rd8 32. Rd1 {[%emt 0:00:05][%cal Oa2a4][%mdl 1024] White has strong compensation.} ({Much worse is} 32. Bxc5 Qxd5 33. Qxd5+ Rxd5 34. Bxb6 axb6 $11) 32... Kg7 33. a4 Rc8 34. Bd2 ({But not} 34. Qxe4 c4 $11) 34... Rb8 (34... Rf8 $14) 35. Bc3 (35. Qxe4 $16 {Bc3 is the strong threat.} Kg8 36. Bc3) 35... Bc7 ({Black should try} 35... Bd8 $14) 36. Qxe4 $16 {[%emt 0:00:37] Threatens to win with f4.} Rb3 $2 {[%emt 0:01:34][%mdl 8192] This move loses the game for Black.} (36... Kg8 $16 {is more resistant.}) 37. Qc4 $18 Rb8 (37... Rb4 $142 38. Bxb4 cxb4) 38. f4 Qe7 {[%emt 0:04:08] [#]} 39. d6 $1 {[%emt 0:05:19][%mdl 576] Deflection, Double Attack} Qd7 (39... Bxd6 40. Rxd6) 40. fxe5 {[%emt 0:00:19] Weighted Error Value: White=0.13 (very precise) /Black=0.62} ({Weaker is} 40. dxc7 Qxd1+ 41. Kg2 Rc8 $16) 1-0

[Event "CZE-ch U16 Open 2023"]
[Site "Teplice"]
[Date "2023.03.15"]
[Round "6.5"]
[White "Dolensky, Filip"]
[Black "Vilimek, Vit"]
[Result "1-0"]
[ECO "B30"]
[WhiteElo "2108"]
[BlackElo "2018"]
[Annotator "TA"]
[PlyCount "95"]
[EventDate "2023.03.09"]
[EventType "swiss"]
[EventCountry "CZE"]
[SourceTitle "playchess.com"]
[Source "ChessBase"]
[SourceQuality "1"]
[TimeControl "40/5400+30:1800+30"]

1. e4 c5 2. Nf3 Nc6 3. c3 Nf6 4. e5 Nd5 5. Bc4 Nb6 6. Bb3 c4 7. Bc2 Qc7 {[%emt 0:00:04] 7...d6 is a critical line. B22: Sicilian: 2 c3.} 8. O-O Nxe5 9. Nxe5 Qxe5 {[%emt 0:00:02] White has an edge.} 10. Re1 Qc7 11. a4 {[%emt 0:00:19][%mdl 1024] White has compensation. 11.d3 is vanishing.} d5 12. Na3 {[%emt 0:02:55] Strongly threatening a5.} a6 {[%emt 0:07:31] [#]} 13. Qf3 $146 {[%emt 0:04:13] Black must now prevent a5.} ({Predecessor:} 13. a5 Nd7 14. d3 e6 15. dxc4 dxc4 16. Qd4 Qxa5 17. Be3 Qc7 18. Nb5 Qc6 19. Ra5 {1-0 Jones,G (2667)-Rowson,J (2565) GBR-ch KO London 2016 (1.1)}) 13... Be6 14. d4 Nd7 15. Bf4 Qc6 16. a5 {[%emt 0:04:13] White is much more active. The black rooks are badly placed.} g6 17. b3 cxb3 (17... Bg7 $16) 18. Bxb3 $18 {[%emt 0:00:07] aiming for Nc2.} Bg7 {[%emt 0:03:28] [#]} 19. Nc2 $1 {[%emt 0:17:09][%cal Ba3c2,Bc2b4,Bb4d5,Bd5e7][%mdl 32] Nb4 would be deadly.} Rc8 {[%emt 0:15:19] [#]} (19... O-O {was called for.}) 20. Bd2 $2 (20. Nb4 $1 $18 Qb5 21. Bxd5) 20... Qb5 {[%emt 0:05:55] Black cannot hold the game after this.} (20... Qc7 $11) 21. Nb4 {[%emt 0:04:12] And now Ba4 would win.} O-O 22. Bxd5 Bxd5 (22... Rc7 $142 23. h4 Nf6 24. Bxe6 fxe6) 23. Nxd5 Kh8 24. Rab1 (24. Rxe7 Rcd8 25. Bf4 (25. Rxf7 Rxf7 26. Qxf7 Ne5 $16) 25... Nb8) 24... Qc6 (24... Qxa5 25. Rxb7 (25. Rxe7 Qa2 $16) (25. Nxe7 Rb8 $18) 25... Nf6) 25. Nxe7 {[%emt 0:00:29][%mdl 64] Discovered Attack} ({Weaker is} 25. Rxe7 Rce8 26. Bg5 (26. Rxf7 Rxf7 27. Qxf7 Rf8 $15) 26... f6 $18) 25... Qxf3 26. gxf3 Rc4 {[%emt 0:01:07] Black is weak on the dark squares} 27. Nd5 Ra4 28. Rxb7 Nf6 29. Nxf6 Bxf6 30. Rb6 Bh4 (30... Kg7 31. Rxa6 Rd8) 31. Re4 ({But not} 31. Rxa6 Kg7 32. Re4 Bd8 $18) 31... Ra1+ 32. Kg2 Bd8 33. Rxa6 Rxa5 34. Rxa5 Bxa5 {[%emt 0:00:01][%mdl 4096] Endgame KRB-KRB} 35. Re5 Ra8 36. Rc5 Kg7 37. Be3 Kf6 38. c4 Ke6 39. Rb5 h5 40. Re5+ Kd6 41. Bf4 Kd7 42. Rb5 Ra7 43. d5 Ke7 (43... Bc7 $142 44. Be3 Ra3) 44. c5 Bc3 45. c6 Ra4 46. Rc5 (46. Rb7+ $142 Kf6 47. c7 Ra8 48. Rb8 Rxb8 49. cxb8=Q Kg7 50. Be5+ Bxe5 51. Qxe5+ f6 52. Qe7+ {[%mdl 64] Overworked Piece} Kh6 53. d6) 46... Kd8 47. c7+ Kc8 48. d6 {[%emt 0:00:00] Weighted Error Value: White=0.27 (precise) /Black=0.70} 1-0

[Event "CZE-ch U16 Open 2023"]
[Site "Teplice"]
[Date "2023.03.15"]
[Round "6.6"]
[White "Mametev, Artem"]
[Black "Davidek, Zdenek"]
[Result "1-0"]
[ECO "C95"]
[WhiteElo "2074"]
[BlackElo "1957"]
[Annotator "TA"]
[PlyCount "91"]
[EventDate "2023.03.09"]
[EventType "swiss"]
[EventCountry "CZE"]
[SourceTitle "playchess.com"]
[Source "ChessBase"]
[SourceQuality "1"]
[TimeControl "40/5400+30:1800+30"]

1. e4 e5 2. Nf3 Nc6 3. Bb5 a6 4. Ba4 Nf6 5. O-O Be7 6. Re1 b5 7. Bb3 d6 8. c3 O-O 9. h3 Nb8 10. d4 Nbd7 11. Nbd2 Bb7 12. Bc2 Re8 13. Nf1 Bf8 14. Ng3 g6 15. a4 c5 {[%emt 0:00:51] 15...Bg7 injects fresh life into this line.} 16. d5 c4 17. Bg5 Nc5 {[%emt 0:15:11] C95: Closed Ruy Lopez: Breyer Variation with 10 d4.} 18. Qd2 Be7 19. Be3 Nfd7 {[%emt 0:05:00] The position is equal.} 20. Nh2 h5 21. Rf1 {[%emt 0:02:57] [#]} Nf6 $146 ({Predecessor:} 21... Bf6 22. f4 exf4 23. Rxf4 Be5 24. Raf1 Bxf4 25. Bxf4 h4 26. Ng4 hxg3 27. Bxd6 f6 {1-0 Preotu,R (2495)-Lesiege,A (2521) PRO League Atlantic rapid 2017 (2)}) 22. f3 Qc7 23. Bg5 Nh7 24. Bxe7 Qxe7 25. f4 $1 h4 {[%emt 0:14:15] [#]} (25... bxa4 $14 26. f5 Rf8) 26. fxe5 $2 Qxe5 $2 {[%emt 0:08:23][%mdl 8192] Black cannot hold the game after this.} (26... hxg3 $17 27. Ng4 Rf8 28. exd6 Qxd6) 27. Ng4 $18 Qxg3 28. Rf3 Nxe4 (28... Qxf3 $142 29. gxf3 Bc8 30. Nh6+ Kg7) 29. Bxe4 Rxe4 30. Rxg3 (30. Nh6+ Kg7 31. Nxf7 Qxf3 32. gxf3) 30... hxg3 31. Rf1 {[%emt 0:01:43] aiming for Nh6+.} f5 $2 {[%emt 0:01:00] [#]} (31... Rf8 32. Rf4 (32. Nh6+ Kg7 $14) 32... Rxf4 33. Qxf4 f5) 32. Qh6 $1 Rf8 (32... Kh8 33. Nf6) 33. Qxg6+ Kh8 34. Nh6 (34. Rxf5 $2 {is a self mate.} Re1+) 34... Bxd5 35. Qxd6 Be6 36. Qxg3 Rf6 37. Qb8+ Kg7 {[%emt 0:00:19] [#]} 38. Ng4 Rf8 39. Qb7+ Rf7 40. Qc6 ({Less strong is} 40. Qxa6 fxg4 41. a5 (41. Qxb5 Rxf1+ 42. Kxf1 Nf6 $16) (41. axb5 Rd7 $16) 41... Rxf1+ 42. Kxf1 Nf6 $16) 40... Re2 (40... bxa4 $142 41. Nh2 Ng5 42. Qxa4 Rf6) 41. Qf3 Rxb2 42. Ne5 {[%emt 0:00:00] And now Qg3+ would win.} Rf6 43. Qg3+ Kf8 44. Rd1 {[%emt 0:00:00] White wants to mate with Rd8+.} Ke8 {[%emt 0:01:44] Prevents Rd8+.} 45. Qg7 Re2 46. Qc7 {[%emt 0:00:00] Weighted Error Value: White=1.08/Black=0.64} 1-0

[Event "CZE-ch U16 Open 2023"]
[Site "Teplice"]
[Date "2023.03.15"]
[Round "6.7"]
[White "Pelc, Adam"]
[Black "Hladky, Tadeas"]
[Result "0-1"]
[ECO "A06"]
[WhiteElo "1871"]
[BlackElo "1973"]
[Annotator "TA"]
[PlyCount "80"]
[EventDate "2023.03.09"]
[EventType "swiss"]
[EventCountry "CZE"]
[SourceTitle "playchess.com"]
[Source "ChessBase"]
[SourceQuality "1"]
[TimeControl "40/5400+30:1800+30"]

1. Nf3 d5 2. g3 Nf6 3. Bg2 Bf5 4. d4 e6 5. O-O Bd6 6. c4 c6 (6... dxc4 7. Nfd2 $16) 7. cxd5 {[%emt 0:06:25] D11: Slav Defence: 3 Nf3 sidelines and 3...Nf6 4 e3 Bg4.} cxd5 8. Nc3 a6 {[%emt 0:07:35] [#]} 9. Ne5 $146 {[%emt 0:11:10] White has an edge.} ({Predecessor:} 9. Re1 O-O 10. Bg5 h6 11. e4 dxe4 12. Bxf6 Qxf6 13. Nxe4 Bxe4 14. Rxe4 Nc6 15. Qb3 {1-0 Marin Campos,D (1471)-Moreno Hernandez,A (1601) Bucaramanga Meneses Memorial 2022 (5)}) 9... O-O 10. Bg5 h6 11. Bxf6 Qxf6 12. f4 Qe7 13. e4 dxe4 14. Nxe4 Nd7 15. Nxd6 Qxd6 16. Nxd7 (16. Nc4 $5 Qc7 17. Rc1 $11) 16... Qxd7 17. Rf2 Rfd8 18. Rc1 Rac8 19. Rxc8 Qxc8 20. Rd2 b6 21. g4 Bh7 22. d5 (22. Qe1 $11) 22... Qc5+ $15 23. Kh1 exd5 {[%emt 0:00:20] Black is more active.} (23... Qb4 $17 24. d6 Be4) 24. Rxd5 $11 Rxd5 25. Bxd5 $17 {[%emt 0:00:09][%mdl 4096] Endgame KQB-KQB} Bc2 (25... h5 $5) 26. Qd2 Qb5 {[%emt 0:00:59][%cal Rb5f1] [#]} 27. Kg1 {[%emt 0:03:50] Against Qf1+} ({But not} 27. Bxf7+ $2 Kxf7 28. Kg1 Qxb2 $19) 27... Qxb2 28. Kf2 $1 {[%emt 0:00:18][%cal Od5b3] Bb3! is the strong threat.} Qb1 {[%emt 0:01:29] Against Bb3} 29. Bc4 {[%emt 0:00:35] [#]} (29. Qe2 $11 Kh7 30. Qe8) 29... Qd1 $1 ({Much worse is} 29... Qh1 $6 30. Qd8+ Kh7 31. Bxf7 Qxh2+ 32. Kf3 Qh1+ 33. Kf2 Qh2+ 34. Kf3 Qh3+ 35. Kf2 Qh2+ $11) 30. Qe3 Ba4 {[%emt 0:03:58] Against Qe8+} 31. Be2 Qc2 32. Qxb6 $2 {[%emt 0:00:17][%mdl 8192] White does not recover from this.} (32. Qd3 $17) 32... Bb5 $19 ({Inferior is} 32... Qxa2 33. Qd8+ Kh7 34. Qd3+ g6 35. Qxa6 $11) 33. Qb8+ (33. Qe3 $142 Qxa2 34. f5) 33... Kh7 34. Qe5 Qxa2 35. Qf5+ g6 {[%emt 0:00:04] Black mates.} 36. Qe4 Qxe2+ 37. Qxe2 Bxe2 38. Kxe2 Kg7 39. Kd3 Kf6 40. h4 h5 {[%emt 0:00:05] Weighted Error Value: White=0.61/Black=0.09 (flawless)} 0-1